 Dungeon Crawl Stone Soup version 0.19-a0-1849-g2383789 (webtiles) character file.

37 JeffiDaFish the Sneak (level 3, 0/24 HPs)
             Began as a Vampire Enchanter on Oct 9, 2016.
             Slain by Sigmund
             ... wielding a +0 scythe
              (13 damage)
             ... on level 3 of the Dungeon.
             The game lasted 00:06:24 (2062 turns).

JeffiDaFish the Sneak (Vampire Enchanter)           Turns: 2062, Time: 00:06:24

Health: 0/24       AC:  4    Str:  8    XL:     3   Next: 23%
Magic:  7/15       EV: 13    Int: 17    God:
Gold:   175        SH:  0    Dex: 14    Spells: 2 memorised, 3 levels left

rFire  . . .     SeeInvis +     a - +2 dagger
rCold  . . .     Gourm    .     b - +1 robe
rNeg   + . .     Faith    .     (no shield)
rPois  .         Spirit   .     (no helmet)
rElec  .         Dismiss  .     j - +0 cloak
rCorr  .         Reflect  .     (no gloves)
MR     .....     Harm     .     (no boots)
Stlth  +++.......               (no amulet)
                                (no ring)
                                e - ring of magical power

@: no status effects
A: fangs 3, see invisible, unbreathing
a: Bat Form


You were on level 3 of the Dungeon.
You were not thirsty.

You visited 1 branch of the dungeon, and saw 3 of its levels.

You collected 175 gold pieces.

Inventory:

Hand Weapons
 a - a +2 dagger (weapon)
Armour
 b - a +1 robe (worn)
 j - a +0 cloak (worn)
Jewellery
 e - a ring of magical power (left hand)
Scrolls
 f - a scroll of enchant weapon
 g - 4 scrolls of identify
 h - a scroll of blinking
Potions
 d - 8 potions of blood
 i - a potion of might
Books
 c - a book of Maledictions

   Spells                             Type                      Level
   a - Corona                         Hexes                        1
   b - Ensorcelled Hibernation        Hexes/Ice                    2
   c - Confuse                        Hexes                        3
   d - Tukima's Dance                 Hexes                        3
   e - Dazzling Spray                 Conjuration/Hexes            3


   Skills:
 + Level 1.3 Short Blades
 + Level 2.5 Dodging
 + Level 5.1 Stealth
 + Level 2.2 Spellcasting
 + Level 5.1 Hexes


You had 3 spell levels left.
You knew the following spells:

 Your Spells              Type           Power        Failure   Level  Hunger
a - Corona                Hex            ###....      2%          1    #......
b - Ensorcelled Hibernat  Hex/Ice        ##....       12%         2    ###....


Dungeon Overview and Level Annotations

Branches:
Dungeon (3/15)

Altars:
Cheibriados

Annotations:
D:3 Sigmund


Innate Abilities, Weirdness & Mutations

You have razor-sharp teeth.
You have supernaturally acute eyesight. (SInv)
You can survive without breathing.


Message History

You bite Sigmund, and draw his blood!
You feel better.
You feel slightly less thirsty.
You puncture Sigmund! You bite Sigmund, but do no damage.
Sigmund is heavily wounded.
Sigmund barely misses you.
You barely miss Sigmund. Your bite misses Sigmund.
Sigmund is heavily wounded.
You hit Sigmund. You bite Sigmund.
You draw Sigmund's blood!
You feel better.
Sigmund is almost dead.
Sigmund hits you with a scythe.
You closely miss Sigmund.
Sigmund is almost dead.
Sigmund hits you with a scythe.
You hit Sigmund.
Sigmund is almost dead.
You hit Sigmund.
Sigmund is almost dead.
Sigmund hits you with a scythe!
Ouch! That really hurt!
You die...

# ####.#.#
#.#....#.#
###.#.#..#.#
#.....#..#.# .#
#......#.# ..#
#......#.# ..#
.#..#.<...# ..#
.........#####.#
..#......'@@...#
#.#....###...#
#.#....# #...# #
#....###...#####...
+....##............
#....##..@.........
#....##.K(.........
#.### #..(.........
#.....$......


You could see Sigmund (invisible).

Vanquished Creatures
  An ooze (D:1)
  A worm (D:2)
  A dart slug (D:2)
  A giant cockroach (D:2)
  4 goblins
  4 hobgoblins
  2 bats
  4 frilled lizards
  6 kobolds
  6 rats
30 creatures vanquished.

Notes
Turn   | Place    | Note
-------+----------+-------------------------------------------
     0 | D:1      | JeffiDaFish the Vampire Enchanter began the quest for the Orb.
     0 | D:1      | Reached XP level 1. HP: 13/13 MP: 3/3
     2 | D:1      | Noticed an octopode
     2 | D:1      | Noticed an ogre
     4 | D:1      | Noticed a centaur
     4 | D:1      | Noticed a merfolk
     6 | D:1      | Noticed a tengu
     8 | D:1      | Noticed a halfling
     8 | D:1      | Noticed a demigod
    10 | D:1      | Noticed a human
    10 | D:1      | Noticed a minotaur
    12 | D:1      | Noticed a dwarf
    12 | D:1      | Noticed a vine stalker
    16 | D:1      | Noticed a demonspawn
    18 | D:1      | Noticed a felid
    20 | D:1      | Noticed a ghoul
    20 | D:1      | Noticed a troll
    22 | D:1      | Noticed an elf
    22 | D:1      | Noticed a naga
    24 | D:1      | Noticed a formicid
    24 | D:1      | Noticed a gargoyle
    26 | D:1      | Noticed a spriggan
    28 | D:1      | Noticed a draconian
    28 | D:1      | Noticed a vampire
   119 | D:1      | Reached XP level 2. HP: 8/19 MP: 5/5
   731 | D:1      | Reached skill level 5 in Stealth
  1207 | D:2      | Found a snail-covered altar of Cheibriados.
  1234 | D:2      | Reached XP level 3. HP: 22/24 MP: 6/6
  1252 | D:2      | Reached skill level 5 in Hexes
  2027 | D:3      | Noticed Sigmund
  2044 | D:3      | Learned a level 2 spell: Ensorcelled Hibernation
  2062 | D:3      | Slain by Sigmund

Vault maps used:
D:1:      kb_arrival_jail, minmay_stone_trees_medium
D:2:      kennysheep_slug_shrine
D:3:      first_bread, uniq_sigmund

Skill      XL: |  1  2  3 |
---------------+----------+-----
Stealth        | 5 |  5.1
Hexes          | 5 |  5.1
Short Blades   | |  1.3
Dodging        | |  2.5
Spellcasting   | |  2.2

Action                   || total
-------------------------++-------
Melee: Dagger            ||   115
       Bite              ||    12
 Cast: Ensorcelled Hiber ||     5
       Corona            ||     1
  Use: Potion            ||     7
       Scroll            ||     7
 Stab: Sleeping          ||     4
Armor: Robe              ||    20
Dodge: Dodged            ||    65
